[Event "Titled Tuesday Blitz February 21 Early 2023"]
[White "Jovic, Stanoje"]
[Black "Padmini, Rout"]
[WhiteFideId "905020"]
[BlackFideId "5029295"]
[WhiteElo "2075"]
[BlackElo "2375"]
[Result "1-0"]
[Round "07"]
[TimeControl "180+2"]
[Date "2023.02.21"]
[WhiteClock "0:00:51"]
[BlackClock "0:00:05"]

1. c4 e5 2. g3 Nf6 3. Bg2 Nc6 4. Nf3 g6 5. d4 exd4 6. Nxd4 Bg7 7. Nxc6 bxc6 8. O-O O-O 9. Qa4 a5 10. Rd1 Qe7 11. Nc3 Qb4 12. a3 Qxa4 13. Nxa4 Ba6 14. b3 d5 15. Nc5 Bc8 16. Ra2 dxc4 17. bxc4 Rb8 18. Bxc6 Ng4 19. Bf4 Ne5 20. Bg2 Nxc4 21. Bxc7 Rb5 22. Nd3 Bg4 23. a4 Rb3 24. h3 Be6 25. Nc5 Rb4 26. Nxe6 fxe6 27. e3 Rc8 28. Rd7 Ne5 29. Rxg7+ Kxg7 30. Bxe5+ Kf7 31. Bf1 Rc1 32. Kg2 Rbb1 33. Bb5 Rg1+ 34. Kf3 Rgc1 35. Rd2 Rb4 36. Rd7+ Kg8 37. Rg7+ Kf8 38. Rxh7 1-0


[Site "https://www.chess.com"]

[Event "Titled Tuesday Blitz February 21 Early 2023"]
[White "Martin Duque, Jesus"]
[Black "Babikov, Ivan"]
[WhiteFideId "2208954"]
[BlackFideId "4161106"]
[WhiteElo "2386"]
[BlackElo "2239"]
[Result "0-1"]
[Round "07"]
[TimeControl "180+2"]
[Date "2023.02.21"]
[WhiteClock "0:00:27"]
[BlackClock "0:01:24"]

1. Nf3 d5 2. b3 Nf6 3. Bb2 g6 4. c4 dxc4 5. bxc4 Bg7 6. g3 O-O 7. Bg2 c6 8. O-O Bg4 9. d3 Nbd7 10. Nbd2 Qc7 11. Rb1 Rfe8 12. h3 Be6 13. Nd4 Nc5 14. Ba3 Nfd7 15. Nxe6 Nxe6 16. Ne4 Nf6 17. Nc5 Nxc5 18. Bxc5 Nd7 19. Ba3 Rab8 20. Qa4 a6 21. e3 Ne5 22. d4 b5 23. cxb5 axb5 24. Qc2 Nc4 25. Bc5 e5 26. Rfd1 exd4 27. Bxd4 Bxd4 0-1


[Site "https://www.chess.com"]

[Event "Titled Tuesday Blitz February 21 Early 2023"]
[White "Toncheva, Nadya"]
[Black "Kaganskiy, Gleb"]
[WhiteFideId "2924056"]
[BlackFideId "4132025"]
[WhiteElo "2295"]
[BlackElo "2205"]
[Result "1-0"]
[Round "07"]
[TimeControl "180+2"]
[Date "2023.02.21"]
[WhiteClock "0:00:24"]
[BlackClock "0:00:05"]

1. d4 Nf6 2. c4 e6 3. Nc3 d5 4. cxd5 Nxd5 5. Bd2 c5 6. e4 Nxc3 7. Bxc3 cxd4 8. Qxd4 Qxd4 9. Bxd4 Bb4+ 10. Ke2 O-O 11. f3 Nc6 12. Be3 Rd8 13. Kf2 e5 14. Bc4 Nd4 15. Rc1 Be6 16. Bxe6 Nxe6 17. Ne2 Bd2 18. Rc2 Bxe3+ 19. Kxe3 f6 20. Rhc1 Kf7 21. g3 Ke7 22. f4 Nd4 23. Nxd4 Rxd4 24. Rc7+ Rd7 25. fxe5 fxe5 26. R1c5 Rd8 27. Rxd7+ Rxd7 28. Rxe5+ Kf6 29. Rc5 Ke6 30. Rc2 b6 31. h4 h5 32. Rf2 Rc7 33. Rd2 g6 34. Kf4 Rf7+ 35. Kg5 Rf3 36. Kxg6 Rxg3+ 37. Kxh5 Ke5 38. Re2 Rg8 39. Kh6 Rh8+ 40. Kg5 Rg8+ 41. Kh5 a5 42. a3 a4 43. Kh6 Rh8+ 44. Kg5 Rg8+ 45. Kh5 b5 46. Kh6 Rh8+ 47. Kg5 Rg8+ 48. Kh5 Ke6 49. e5 Kf5 50. Kh6 Ke6 51. h5 Rh8+ 52. Kg6 Rg8+ 53. Kh7 Rg5 54. h6 Rg4 55. Kh8 Rg5 56. h7 Rg4 57. Rc2 Kxe5 58. Rc5+ Kf6 59. Rxb5 Kf7 60. Rb7+ Kf8 61. Rb8+ Kf7 62. b3 axb3 63. Rxb3 Rg1 64. Rf3+ Ke7 65. a4 Rg5 66. Rf4 Ke8 67. Rf3 Ke7 68. Ra3 Ra5 69. Kg7 Rg5+ 70. Kh6 Rg1 71. h8=Q Rh1+ 72. Kg7 Rg1+ 73. Kh7 Rh1+ 74. Kg8 Rg1+ 75. Qg7+ Rxg7+ 76. Kxg7 1-0


[Site "https://www.chess.com"]

[Event "Titled Tuesday Blitz February 21 Early 2023"]
[White "Pinheiro, Iung Alicio de O."]
[Black "Miszler, Levente"]
[WhiteFideId "2104350"]
[BlackFideId "763276"]
[WhiteElo "2306"]
[BlackElo "2271"]
[Result "1-0"]
[Round "07"]
[TimeControl "180+2"]
[Date "2023.02.21"]
[WhiteClock "0:00:11"]
[BlackClock "0:00:01"]

1. e4 e6 2. d4 d5 3. e5 f6 4. Nf3 fxe5 5. Nxe5 Nf6 6. Bd3 Bd6 7. O-O O-O 8. c4 c5 9. Be3 Nc6 10. Nxc6 bxc6 11. dxc5 Bc7 12. f4 d4 13. Bc1 e5 14. fxe5 Bxe5 15. h3 Qc7 16. Nd2 Bd7 17. Nf3 Rae8 18. Nxe5 Qxe5 19. Bf4 Qxc5 20. Qc2 Qh5 21. Rae1 Qh4 22. Rxe8 Rxe8 23. Qf2 Qxf2+ 24. Kxf2 Ne4+ 25. Kg1 Nc5 26. Rd1 Nxd3 27. Rxd3 c5 28. Bd6 Bf5 29. Rd2 Rc8 30. b4 cxb4 31. Rxd4 Bb1 32. c5 Bxa2 33. Rxb4 Bd5 34. Ra4 Re8 35. Rxa7 Re2 36. g4 Rg2+ 37. Kf1 Rc2 38. h4 Rc4 39. g5 Rxh4 40. Be5 h6 41. Rxg7+ Kf8 42. g6 Rg4 43. Rd7 Bc4+ 44. Kf2 Rxg6 45. Bd6+ Ke8 46. Re7+ Kd8 47. Rh7 Bb5 48. Ke3 Bc6 49. Kd4 Bf3 50. Ke5 h5 51. Bc7+ Kc8 52. Bd6 Rg1 53. Rc7+ Kd8 54. Rf7 Re1+ 55. Kf4 Bc6 56. Rf8+ Kd7 57. Rf7+ Kd8 58. Rh7 Rh1 59. Kf5 Kc8 60. Ke6 Re1+ 61. Be5 Bd7+ 62. Kd6 Rd1+ 63. Ke7 Bc6 64. Rh8+ Kb7 65. Rb8+ Ka7 66. Rb6 Bf3 67. Bb8+ Ka8 68. Bd6 h4 69. Kd7 h3 70. Kc7 Ra1 71. Rb8+ Ka7 72. Rh8 Bg2 73. Kd7 Rd1 74. c6 Rc1 75. c7 Kb7 76. Rb8+ Ka7 77. c8=Q Rxc8 78. Rxc8 Be4 79. Rc7+ Kb8 80. Bh2 1-0


[Site "https://www.chess.com"]

[Event "Titled Tuesday Blitz February 21 Early 2023"]
[White "Novikov, Evgenij"]
[Black "Pourkashiyan, Atousa"]
[WhiteFideId "4125380"]
[BlackFideId "12502014"]
[WhiteElo "2276"]
[BlackElo "2282"]
[Result "0-1"]
[Round "07"]
[TimeControl "180+2"]
[Date "2023.02.21"]
[WhiteClock "0:01:58"]
[BlackClock "0:01:12"]

1. e4 c5 2. f4 e6 3. Nf3 d5 4. e5 a6 5. b4 cxb4 6. d4 Nc6 7. Bd3 Na5 8. O-O Ne7 9. a3 bxa3 10. Bxa3 Nc4 11. Bc1 Nf5 12. Qe2 Bd7 13. Nbd2 Bb4 0-1


[Site "https://www.chess.com"]

[Event "Titled Tuesday Blitz February 21 Early 2023"]
[White "Jimenez, Joaquin"]
[Black "Parpiev, Isaak"]
[WhiteFideId "109860"]
[BlackFideId "34281576"]
[WhiteElo "2195"]
[BlackElo "2167"]
[Result "1-0"]
[Round "07"]
[TimeControl "180+2"]
[Date "2023.02.21"]
[WhiteClock "0:00:26"]
[BlackClock "0:00:01"]

1. Nf3 Nf6 2. g3 d5 3. Bg2 c5 4. O-O Nc6 5. b3 e6 6. Bb2 Be7 7. d4 cxd4 8. Nxd4 O-O 9. c4 a6 10. cxd5 exd5 11. Nd2 Bg4 12. h3 Be6 13. N2f3 Rc8 14. Rc1 Ne4 15. Nxc6 bxc6 16. Nd4 Qd7 17. Kh2 Ng5 18. Nxe6 Qxe6 19. h4 Ne4 20. Bxe4 Qxe4 21. Qd4 Qxd4 22. Bxd4 c5 23. Bb2 c4 24. bxc4 Rxc4 25. Rxc4 dxc4 26. Rc1 Rc8 27. Bc3 f6 28. e4 Kf7 29. f4 Rd8 30. Kg2 Rd3 31. Be1 Ra3 32. Rxc4 Rxa2+ 33. Kf3 Ra3+ 34. Kg2 Ra2+ 35. Kh3 a5 36. Rc7 Kf8 37. Ra7 a4 38. h5 Ra1 39. Bc3 Ra3 40. Bd4 Ra2 41. Kg4 Bb4 42. h6 gxh6 43. Bxf6 a3 44. Rxh7 Rh2 45. Ra7 a2 46. Kf5 Rg2 47. g4 Rf2 48. Kg6 Ke8 49. f5 Kf8 50. Ra8# 1-0


[Site "https://www.chess.com"]

[Event "Titled Tuesday Blitz February 21 Early 2023"]
[White "Kubicka, Anna"]
[Black "Kalajzic, Ivan"]
[WhiteFideId "1152254"]
[BlackFideId "14506378"]
[WhiteElo "2240"]
[BlackElo "2062"]
[Result "1-0"]
[Round "07"]
[TimeControl "180+2"]
[Date "2023.02.21"]
[WhiteClock "0:00:12"]
[BlackClock "0:00:12"]

1. e4 Nc6 2. Nf3 d6 3. d4 Bg4 4. Be2 e5 5. dxe5 dxe5 6. Qxd8+ Rxd8 7. c3 Nf6 8. Bg5 Be7 9. Nbd2 h6 10. Be3 a6 11. h3 Be6 12. O-O Nd7 13. a4 Bc5 14. Bxc5 Nxc5 15. b4 Nd7 16. b5 axb5 17. axb5 Ne7 18. Ra7 Rb8 19. Bc4 Nc8 20. Ra2 Bxc4 21. Nxc4 f6 22. Ne3 Ne7 23. Nh4 Nc5 24. f3 Kf7 25. Rd1 Rhd8 26. Rad2 Rxd2 27. Rxd2 g6 28. g3 Ke8 29. Kf2 Rd8 30. Rxd8+ Kxd8 31. Nd5 Nxd5 32. exd5 g5 33. Nf5 Kd7 34. Nxh6 Kd6 35. Ng8 Nd7 36. c4 Kc5 37. h4 Kxc4 38. h5 Kxd5 39. h6 Nf8 40. Nxf6+ Kc5 41. h7 Nxh7 42. Nxh7 Kxb5 43. Nxg5 Kc4 44. Ne4 Kd5 45. g4 c5 46. g5 c4 47. Ke3 b5 48. g6 Ke6 49. Nd6 b4 50. Nxc4 b3 51. Nb2 Kf6 52. Ke4 Kxg6 53. Kxe5 Kf7 54. Kf5 Ke7 55. Kg6 Kd6 56. f4 Kc5 57. f5 Kd4 58. f6 Kc3 59. Nd1+ Kd2 60. Nb2 Kc2 61. Na4 1-0


[Site "https://www.chess.com"]

[Event "Titled Tuesday Blitz February 21 Early 2023"]
[White "Koridze, Lile"]
[Black "The_Sherman_Variation"]
[WhiteFideId "13612514"]
[WhiteElo "2191"]
[BlackElo "2513"]
[Result "1-0"]
[Round "07"]
[TimeControl "180+2"]
[Date "2023.02.21"]
[WhiteClock "0:00:27"]
[BlackClock "0:00:14"]

1. d4 Nf6 2. c4 c5 3. d5 b5 4. cxb5 e6 5. Nc3 exd5 6. Nxd5 Bb7 7. Nc3 d5 8. e3 d4 9. exd4 cxd4 10. Nce2 Bc5 11. a3 d3 12. b4 Bb6 13. Ng3 Qe7+ 14. Kd2 Bxf2 15. Bxd3 O-O 16. Nf3 Rc8 17. Qe2 Qc7 18. Bb2 Qf4+ 19. Kd1 Ng4 20. Nf5 Rd8 21. h3 Ne3+ 22. Nxe3 Bxe3 23. Re1 Be4 24. Qxe3 Qxe3 25. Rxe3 Bxd3 26. Ke1 Bxb5 27. Kf2 Nc6 28. Rc1 f6 29. Rc5 a6 30. Re6 Na7 31. Re7 Nc6 32. Rc7 Ne5 33. Bxe5 fxe5 34. Rxe5 Rd2+ 35. Nxd2 Rf8+ 36. Ke3 1-0


[Site "https://www.chess.com"]

[Event "Titled Tuesday Blitz February 21 Early 2023"]
[White "Rios Escobar, Adan"]
[Black "Arenas, David"]
[WhiteFideId "3403645"]
[BlackFideId "4403177"]
[WhiteElo "2234"]
[BlackElo "2426"]
[Result "0-1"]
[Round "07"]
[TimeControl "180+2"]
[Date "2023.02.21"]
[WhiteClock "0:00:01"]
[BlackClock "0:01:23"]

1. d4 Nf6 2. g3 e6 3. c4 c5 4. d5 exd5 5. cxd5 d6 6. Nc3 g6 7. Nf3 Bg7 8. Bg2 O-O 9. O-O a6 10. a4 Re8 11. Re1 Ne4 12. Nxe4 Rxe4 13. Qc2 Bf5 14. Bh3 Qd7 15. Qxe4 Bxe4 16. Bxd7 Nxd7 17. Rd1 h6 18. a5 Nf6 19. Bf4 Rd8 20. b4 Nxd5 21. bxc5 Bxa1 22. Rxa1 Nxf4 23. gxf4 Bxf3 24. exf3 dxc5 25. Rb1 Rd7 26. f5 g5 27. f4 Kg7 28. fxg5 hxg5 29. Rb6 c4 30. Rb2 Rc7 31. f4 c3 32. Rc2 gxf4 33. Kf2 Kf6 34. Kf3 Kxf5 35. h4 Re7 36. Rxc3 Re5 37. Rc7 Re3+ 38. Kf2 f6 39. Rxb7 Ra3 40. Rh7 Kg4 41. h5 Ra2+ 42. Ke1 Rxa5 43. h6 Kf3 44. Rf7 Rh5 45. Rxf6 a5 46. Ra6 Rh1+ 47. Kd2 a4 48. Rxa4 Rxh6 49. Ra3+ Kf2 50. Rd3 f3 51. Rd8 Re6 0-1


[Site "https://www.chess.com"]

[Event "Titled Tuesday Blitz February 21 Early 2023"]
[White "Alinasab, Mobina"]
[Black "Smith, Garrett L"]
[WhiteFideId "12528897"]
[BlackFideId "2024829"]
[WhiteElo "2347"]
[BlackElo "2047"]
[Result "1-0"]
[Round "07"]
[TimeControl "180+2"]
[Date "2023.02.21"]
[WhiteClock "0:01:22"]
[BlackClock "0:00:20"]

1. Nf3 c5 2. g3 Nc6 3. d4 cxd4 4. Nxd4 e5 5. Nxc6 bxc6 6. c4 Nf6 7. Bg2 Be7 8. Nc3 O-O 9. O-O Qc7 10. b3 d6 11. Bb2 Be6 12. Rc1 Rfd8 13. Nd5 Bxd5 14. cxd5 c5 15. f4 exf4 16. Rxf4 Nd7 17. e4 Bg5 18. Rg4 f6 19. Rxg5 fxg5 20. Bh3 Ne5 21. Be6+ Kh8 22. Qh5 Qe7 23. Bf5 g6 24. Bxg6 Qg7 25. Bf5 Rf8 26. Bxe5 dxe5 27. Rxc5 Rae8 28. d6 Qb7 29. Rc7 1-0


[Site "https://www.chess.com"]

[Event "Titled Tuesday Blitz February 21 Early 2023"]
[White "Santos Flores, Alberto"]
[Black "Gharamian, Tigran"]
[WhiteFideId "3601234"]
[BlackFideId "13301527"]
[WhiteElo "2164"]
[BlackElo "2601"]
[Result "1-0"]
[Round "07"]
[TimeControl "180+2"]
[Date "2023.02.21"]
[WhiteClock "0:00:15"]
[BlackClock "0:00:04"]

1. e4 c6 2. d4 d5 3. Nc3 dxe4 4. Nxe4 Nf6 5. Nxf6+ exf6 6. c3 Bd6 7. Bd3 O-O 8. Ne2 Re8 9. O-O Nd7 10. Ng3 Nf8 11. Qh5 g6 12. Qh6 f5 13. Bg5 Be7 14. h4 Ne6 15. Bxe7 Qxe7 16. Rae1 Bd7 17. Bxf5 Qf8 18. Qxf8+ Kxf8 19. Bc2 Nf4 20. Re3 Nd5 21. Re5 f6 22. Rxe8+ Rxe8 23. h5 Kg7 24. hxg6 hxg6 25. Rd1 f5 26. Kf1 Nf4 27. Rd2 Be6 28. Bb3 Kf6 29. Ne2 Nd5 30. g3 g5 31. Ng1 Rh8 32. Nf3 a5 33. Ne5 Rh1+ 34. Kg2 Rb1 35. Re2 Bg8 36. Nd7+ Kg6 37. Nc5 b6 38. Nd7 b5 39. a4 Nf4+ 40. gxf4 Bxb3 41. axb5 cxb5 42. fxg5 Kxg5 43. Ne5 a4 44. Rd2 Re1 45. Nf3+ Kf4 46. Nxe1 Kg5 47. Nf3+ Kf4 48. d5 1-0


[Site "https://www.chess.com"]

[Event "Titled Tuesday Blitz February 21 Early 2023"]
[White "MunichMouse"]
[Black "Turzo, Attila"]
[BlackFideId "704954"]
[WhiteElo "2296"]
[BlackElo "2279"]
[Result "0-1"]
[Round "07"]
[TimeControl "180+2"]
[Date "2023.02.21"]
[WhiteClock "0:00:01"]
[BlackClock "0:00:07"]

1. d4 Nf6 2. c4 e6 3. Nf3 d5 4. g3 Be7 5. Bg2 O-O 6. Qc2 Nbd7 7. O-O c6 8. b3 b6 9. Nbd2 Ba6 10. e4 Rc8 11. Re1 c5 12. exd5 exd5 13. Bb2 dxc4 14. bxc4 cxd4 15. Nxd4 Bb4 16. Nc6 Rxc6 17. Bxc6 Nb8 18. Bd5 Nxd5 19. cxd5 Qxd5 20. Rad1 Bb7 21. Ne4 Qh5 22. Re3 Rc8 23. Qb3 Bf8 24. h4 Bc6 25. Rc1 Rd8 26. Qc3 Qg6 27. Kh1 Bxe4+ 28. Kh2 Bd5 29. Re5 Be6 30. Rg5 Qh6 31. Re1 Nd7 32. Rd1 Re8 33. Rd6 Nc5 34. Qe3 Bxd6 35. Rxg7+ Qxg7 36. Bxg7 Kxg7 37. Qg5+ Kf8 38. Qh6+ Kg8 39. Qg5+ Kf8 40. Qh6+ Ke7 41. Qxh7 Kd7 42. Qc2 Kc7 43. a4 Bd5 44. Kh3 Kb7 45. h5 Be4 46. Qd2 f5 47. Qh6 Bc7 48. Qg7 Ne6 49. Qf6 Bd8 0-1


[Site "https://www.chess.com"]

[Event "Titled Tuesday Blitz February 21 Early 2023"]
[White "Afanasieva, Alexandra"]
[Black "Deng, Henry"]
[WhiteFideId "34126926"]
[BlackFideId "30965454"]
[WhiteElo "1857"]
[BlackElo "2168"]
[Result "1-0"]
[Round "07"]
[TimeControl "180+2"]
[Date "2023.02.21"]
[WhiteClock "0:00:14"]
[BlackClock "0:01:00"]

1. e4 c5 2. Nf3 e6 3. d4 cxd4 4. Nxd4 Nf6 5. Nc3 Nc6 6. Nxc6 bxc6 7. e5 Nd5 8. Ne4 Bb7 9. c4 Nb4 10. Bd2 Qa5 11. c5 Bxc5 12. a3 Bxf2+ 13. Kxf2 Qxe5 14. Bxb4 Qxe4 15. Qd6 Qh4+ 16. Qg3 Qf6+ 17. Qf3 Qxf3+ 18. gxf3 f6 19. Rd1 O-O-O 20. Bd6 e5 21. Rg1 g6 22. Bh3 e4 23. Be7 Rdg8 24. Bxf6 Rf8 25. Bxd7+ Kc7 26. Bxh8 Rxf3+ 27. Ke1 c5 28. Be5+ Kb6 29. Rd6+ Ka5 30. Bc3+ Rxc3 31. bxc3 e3 32. Bc6 Ba6 33. Rg3 e2 34. Bf3 Bc4 35. Bxe2 Bb3 36. c4 Ka4 37. Rxb3 Kxb3 38. Ra6 Kb2 39. Rxa7 Kb3 40. Rxh7 g5 41. Rg7 g4 42. Rxg4 Kxa3 43. h4 Kb3 44. Kd2 Kb2 45. Rg8 Kb3 46. Rb8+ Ka3 47. Kc3 Ka2 48. Bd3 Ka1 49. Ra8# 1-0


[Site "https://www.chess.com"]

[Event "Titled Tuesday Blitz February 21 Early 2023"]
[White "Kokoszczynski, Jan"]
[Black "Bogaudinov, Rushan"]
[WhiteFideId "1174460"]
[BlackFideId "4129288"]
[WhiteElo "2247"]
[BlackElo "1939"]
[Result "1-0"]
[Round "07"]
[TimeControl "180+2"]
[Date "2023.02.21"]
[WhiteClock "0:01:25"]
[BlackClock "0:02:01"]

1. e4 c5 2. Nf3 Nc6 3. d4 cxd4 4. Nxd4 g6 5. c4 Bg7 6. Be3 d6 7. Nc3 Nf6 8. Be2 O-O 9. O-O Bd7 10. f3 Nxd4 11. Bxd4 Bc6 12. Qd2 Nd7 13. Be3 a6 14. Rfc1 Rc8 15. Rab1 h5 16. b4 Ne5 17. Nd5 Bxd5 18. cxd5 b5 19. a4 Qd7 20. axb5 axb5 21. h3 1-0


[Site "https://www.chess.com"]

[Event "Titled Tuesday Blitz February 21 Early 2023"]
[White "Jenkins, Drake"]
[Black "Derjabin, Ilja"]
[WhiteFideId "2022397"]
[BlackFideId "14104768"]
[WhiteElo "2130"]
[BlackElo "2333"]
[Result "1-0"]
[Round "07"]
[TimeControl "180+2"]
[Date "2023.02.21"]
[WhiteClock "0:01:30"]
[BlackClock "0:00:44"]

1. Nf3 c5 2. c4 Nf6 3. Nc3 g6 4. d4 cxd4 5. Nxd4 Nc6 6. Nc2 Bg7 7. g3 O-O 8. Bg2 d6 9. O-O Be6 10. b3 Rc8 11. Bb2 a6 12. Qd2 Qd7 13. Rfd1 Bh3 14. Bh1 Ne5 15. Ne3 b5 16. cxb5 axb5 17. Ncd5 Nxd5 18. Nxd5 Rfe8 19. Nb6 Qa7 20. Nxc8 Rxc8 21. Bd4 Qd7 22. Rdc1 Re8 23. f4 Ng4 24. Bc6 Qe6 25. Bxg7 Kxg7 26. Bxe8 Qe4 27. Bc6 1-0


[Site "https://www.chess.com"]

[Event "Titled Tuesday Blitz February 21 Early 2023"]
[White "Reprintsev, Alexander"]
[Black "Lauridsen, Jesper Morch"]
[WhiteFideId "14100541"]
[BlackFideId "1401890"]
[WhiteElo "2253"]
[BlackElo "2309"]
[Result "1-0"]
[Round "07"]
[TimeControl "180+2"]
[Date "2023.02.21"]
[WhiteClock "0:00:51"]
[BlackClock "0:00:06"]

1. e4 c5 2. b3 Nc6 3. Bb2 e5 4. f4 d6 5. Qf3 exf4 6. Qxf4 Nge7 7. Bb5 Ng6 8. Bxc6+ bxc6 9. Qe3 Be7 10. Bxg7 Rg8 11. Bc3 Bg5 12. Qf2 Nf4 13. g3 Bg4 14. h4 Qe7 15. e5 Nd5 16. hxg5 Nxc3 17. Nxc3 Qxe5+ 18. Nge2 O-O-O 19. O-O-O Rde8 20. Rde1 Qxg5 21. Nf4 Re5 22. Rxe5 Qxe5 23. Re1 Qf6 24. Qe3 h5 25. Qe4 Kd7 26. Kb1 Bf5 27. Nxh5 Qg6 28. Qe7+ Kc8 29. Nf6 Bxc2+ 30. Kb2 Rd8 31. Nfe4 Bxe4 32. Rxe4 Qxg3 33. Qxa7 Qh2 34. Qa8+ Kd7 35. Qb7# 1-0


[Site "https://www.chess.com"]

[Event "Titled Tuesday Blitz February 21 Early 2023"]
[White "Fernandez Siles, Luis"]
[Black "Karas, Marek"]
[WhiteFideId "2209420"]
[BlackFideId "14928558"]
[WhiteElo "2218"]
[BlackElo "2227"]
[Result "0-1"]
[Round "07"]
[TimeControl "180+2"]
[Date "2023.02.21"]
[WhiteClock "0:00:21"]
[BlackClock "0:00:14"]

1. d4 Nf6 2. c4 g6 3. Nc3 Bg7 4. e4 d6 5. Nf3 O-O 6. Be2 Bg4 7. Be3 Nfd7 8. Ng1 Bxe2 9. Ngxe2 c5 10. d5 a6 11. a4 Qb6 12. Qd2 Ne5 13. b3 Qxb3 14. Rb1 Qxc4 15. Rxb7 e6 16. O-O Qd3 17. Qb2 Nc4 18. Qc1 Nxe3 19. Qxe3 Qxe3 20. fxe3 Be5 21. a5 exd5 22. Nxd5 Nc6 23. Nc7 Rab8 24. Rxb8 Rxb8 25. Nxa6 Ra8 26. Nc7 Rxa5 27. Rb1 Ra2 28. Nf4 Nb4 29. Nfd5 Nxd5 30. Nxd5 Kg7 31. Rb7 Rb2 32. Rc7 Re2 33. Kf1 Rd2 34. h3 h5 35. g4 hxg4 36. hxg4 Kh6 37. Rxf7 Kg5 38. Ne7 Kxg4 39. Nxg6 Bg3 40. Nf4 c4 41. Ne2 Be5 42. Kf2 c3 43. Rc7 Rc2 44. Ke1 Kf3 45. Kd1 Rd2+ 0-1


[Site "https://www.chess.com"]

[Event "Titled Tuesday Blitz February 21 Early 2023"]
[White "Garv Gaur"]
[Black "Zaksaite, Salomeja"]
[WhiteFideId "45030839"]
[BlackFideId "12801496"]
[WhiteElo "2006"]
[BlackElo "2283"]
[Result "0-1"]
[Round "07"]
[TimeControl "180+2"]
[Date "2023.02.21"]
[WhiteClock "0:00:24"]
[BlackClock "0:00:15"]

1. Nf3 Nf6 2. g3 g6 3. Bg2 d6 4. d4 Bg7 5. c4 O-O 6. O-O Nc6 7. Nc3 e5 8. dxe5 dxe5 9. Qxd8 Rxd8 10. Bg5 h6 11. Bxf6 Bxf6 12. Nd5 Kg7 13. Nxc7 Rb8 14. Nd5 e4 15. Nd2 e3 16. fxe3 Bxb2 17. Rab1 Ba3 18. e4 Bc5+ 19. Kh1 Ne5 20. h3 Be6 21. Rb3 Nc6 22. Nf3 Nd4 23. Rb2 b6 24. Ne5 Rbc8 25. Nf4 Rc7 26. Nfd3 Ba3 27. Rbb1 f6 28. Nf3 Bxc4 29. e5 Nxe2 30. exf6+ Kh7 31. Nfe5 Bxd3 32. Nxd3 Rxd3 33. Kh2 Bd6 34. Rf2 Bxg3+ 35. Kh1 Bxf2 36. Be4 Rxh3+ 37. Kg2 Rh4 38. Bf3 Nd4 39. Kxf2 Rf4 40. Ke3 Rxf3+ 41. Kxd4 Rxf6 42. Re1 Rd6+ 43. Ke5 Re7+ 44. Kxd6 Rxe1 45. Kc6 Re2 46. a4 Ra2 47. Kb5 Rxa4 48. Kxa4 h5 49. Kb5 h4 50. Ka6 h3 51. Kxa7 h2 52. Kxb6 h1=Q 53. Kc7 Qg2 54. Kd6 Qg3+ 55. Ke7 Qg4 56. Kf6 Qf5+ 57. Ke7 Qe5+ 58. Kf8 g5 59. Kf7 g4 60. Kf8 g3 61. Kf7 g2 62. Kf8 g1=Q 63. Kf7 Qgg7# 0-1


[Site "https://www.chess.com"]

[Event "Titled Tuesday Blitz February 21 Early 2023"]
[White "Ezat, Mohamed"]
[Black "Delorme, Alban"]
[WhiteFideId "10600906"]
[BlackFideId "623636"]
[WhiteElo "2402"]
[BlackElo "2298"]
[Result "1-0"]
[Round "07"]
[TimeControl "180+2"]
[Date "2023.02.21"]
[WhiteClock "0:01:01"]
[BlackClock "0:01:13"]

1. d4 Nf6 2. c4 g6 3. Nc3 Bg7 4. e4 d6 5. Be2 Kf8 6. Bg5 h6 7. Be3 Kg8 8. Qd2 Kh7 9. h4 h5 10. Nf3 Rf8 11. Ng5+ Kg8 12. f3 c5 13. d5 Na6 14. g4 hxg4 15. h5 gxh5 16. fxg4 Bxg4 17. O-O-O Qa5 18. Rdg1 Rfc8 19. Kb1 b5 20. cxb5 Nb4 21. a3 a6 22. b6 Rab8 23. e5 dxe5 24. Bxg4 hxg4 25. Nge4 Nbxd5 26. Nxd5 Qxd2 27. Ndxf6+ exf6 28. Bxd2 f5 29. Nd6 Rd8 30. Nxf5 Rxb6 31. Rxg4 Rf6 32. Rxg7+ Kf8 33. Rh8# 1-0


[Site "https://www.chess.com"]

[Event "Titled Tuesday Blitz February 21 Early 2023"]
[White "Cramling Bellon, Anna"]
[Black "Averjanov, Alexey"]
[WhiteFideId "32009232"]
[BlackFideId "14109867"]
[WhiteElo "2043"]
[BlackElo "2399"]
[Result "0-1"]
[Round "07"]
[TimeControl "180+2"]
[Date "2023.02.21"]
[WhiteClock "0:00:01"]
[BlackClock "0:00:17"]

1. d4 d5 2. c4 dxc4 3. e3 Nf6 4. Bxc4 e6 5. Nc3 a6 6. Nf3 b5 7. Bd3 Bb7 8. O-O Nbd7 9. Qe2 c5 10. dxc5 Bxc5 11. e4 O-O 12. Bg5 Be7 13. Rfd1 h6 14. Bh4 Nh5 15. Bxe7 Qxe7 16. Qe3 e5 17. Nd5 Bxd5 18. exd5 Nf4 19. d6 Qf6 20. Be4 Rad8 21. Rac1 g6 22. Bc6 g5 23. Kf1 Kg7 24. Bxd7 Rxd7 25. Qxe5 Rfd8 26. Rc6 a5 27. Qxb5 g4 28. Nd4 Rxd6 29. Rxd6 Rxd6 30. Qc5 Rd5 31. Qc3 h5 32. Rd2 h4 33. Nb3 Re5 34. Qc1 g3 35. hxg3 hxg3 36. f3 Qh4 37. Qc3 Qh1# 0-1


[Site "https://www.chess.com"]

[Event "Titled Tuesday Blitz February 21 Early 2023"]
[White "Malyi, Viacheslav"]
[Black "Delorme, Axel"]
[WhiteFideId "14123983"]
[BlackFideId "632023"]
[WhiteElo "2391"]
[BlackElo "2483"]
[Result "1/2-1/2"]
[Round "07"]
[TimeControl "180+2"]
[Date "2023.02.21"]
[WhiteClock "0:01:10"]
[BlackClock "0:00:08"]

1. e4 c5 2. Nf3 d6 3. d4 cxd4 4. Nxd4 Nf6 5. Nc3 a6 6. Rg1 e5 7. Nb3 Be6 8. g4 d5 9. exd5 Nxd5 10. Nxd5 Qxd5 11. Qxd5 Bxd5 12. Be3 Nc6 13. O-O-O O-O-O 14. Be2 Be7 15. g5 Be6 16. h4 Rxd1+ 17. Rxd1 Rd8 18. Rxd8+ Kxd8 19. Nc5 Bc8 20. Ne4 f5 21. gxf6 gxf6 22. Kd2 Ke8 23. Bh5+ Kf8 24. c3 f5 25. Ng5 h6 26. Nf3 Kg7 27. Be8 e4 28. Nd4 Ne5 29. h5 Nc4+ 30. Kc2 Nxe3+ 31. fxe3 Bg5 32. Kd2 Kf6 33. Ne2 Ke5 34. b3 f4 35. exf4+ Bxf4+ 36. Nxf4 Kxf4 37. c4 e3+ 38. Ke1 a5 39. a3 Be6 40. Bg6 b6 41. Ke2 a4 42. bxa4 Bxc4+ 43. Ke1 Ke5 44. Be8 Kd4 45. Bb5 Bxb5 46. axb5 Kc5 47. Ke2 Kxb5 48. Kxe3 Ka4 49. Kf4 Kxa3 50. Kf5 b5 51. Kg6 b4 52. Kxh6 b3 53. Kg7 b2 54. h6 b1=Q 55. h7 Qb7+ 56. Kg8 Qc8+ 57. Kg7 Qd7+ 58. Kg8 Qg4+ 59. Kh8 Qf5 60. Kg8 Qg6+ 61. Kh8 Qf6+ 62. Kg8 Qg6+ 63. Kh8 Qh5 64. Kg8 Qe8+ 65. Kg7 Qe7+ 66. Kg8 Qxh7+ 67. Kxh7 1/2-1/2


[Site "https://www.chess.com"]

[Event "Titled Tuesday Blitz February 21 Early 2023"]
[White "Mayaud, Raphael"]
[Black "Ibadov, Dashgyn"]
[WhiteFideId "627151"]
[BlackFideId "24107514"]
[WhiteElo "2201"]
[BlackElo "2391"]
[Result "0-1"]
[Round "07"]
[TimeControl "180+2"]
[Date "2023.02.21"]
[WhiteClock "0:00:16"]
[BlackClock "0:00:46"]

1. d4 d5 2. Nf3 Nf6 3. e3 c6 4. Bd3 Bg4 5. b3 e6 6. Bb2 Nbd7 7. Nbd2 Bd6 8. O-O Qc7 9. h3 Bh5 10. Qe2 e5 11. dxe5 Nxe5 12. g4 Bg6 13. Nxe5 Bxe5 14. Bxe5 Qxe5 15. f4 Bxd3 16. cxd3 Qc7 17. e4 O-O-O 18. e5 Nd7 19. d4 Kb8 20. Rac1 h5 21. g5 g6 22. h4 Nf8 23. b4 Ne6 24. Qe3 Qb6 25. Nb3 Qxb4 26. f5 gxf5 27. Rxf5 c5 28. Nxc5 Nxc5 29. Rxc5 Rc8 30. Rxc8+ Rxc8 31. e6 fxe6 32. Rf2 a6 33. g6 Qb1+ 34. Kh2 Qxg6 35. Qe5+ Ka7 36. Rb2 Qg4 37. Rg2 Qxh4+ 38. Kg1 Rc1+ 0-1


[Site "https://www.chess.com"]